 Dungeon Crawl Stone Soup version 0.17.0-28-g6e173f8 (webtiles) character file.

2297 Ivanskos the Skirmisher (level 9, -1/92 HPs)
             Began as a Troll Monk on Nov 24, 2015.
             Was a Priest of Ashenzari.
             Killed from afar by a deep elf mage (21 damage)
             ... with a lance of force
             ... in a bailey.
             The game lasted 00:32:23 (4685 turns).

Ivanskos the Skirmisher (Troll Monk)                Turns: 4685, Time: 00:32:25

Health: -1/92      AC:  8    Str: 25    XL:     9   Next: 17%
Magic:  7/7        EV: 13    Int:  6    God:    Ashenzari [***...]
Gold:   403        SH:  0    Dex: 17    Spells: 0 memorised, 8 levels left

rFire  . . .     SeeInvis +       - Unarmed
rCold  . . .     Clarity  .     a - +0 robe
rNeg   . . .     SustAt   .     (no shield)
rPois  +         Gourm    +     (helmet restricted)
rElec  .         Spirit   .     h - +0 cloak
rCorr  .         Warding  .     (gloves unavailable)
rMut   .         Stasis   .     (boots unavailable)
MR     +....                    (no amulet)
Stlth  ++........               (no ring)
                                o - ring of protection from magic

@: somewhat resistant to hostile enchantments, unstealthy
A: unfitting armour, claws 3, horns 1, yellow scales 1, agile 1, fast metabolism
3, gourmand, low mp 1, poison resistance, regeneration 2, shaggy fur 1, strong
2, tough skin 2
a: Scrying, Renounce Religion


You were in a bailey.
You worshipped Ashenzari.
Ashenzari was most pleased with you.
You were completely stuffed.

You visited 1 branch of the dungeon, and saw 7 of its levels.
You also visited: Bailey.

You collected 403 gold pieces.

Inventory:

Hand Weapons
 w - the +5 flail "Byng" {freeze, rC+ Str+2}
   (You found it on level 5 of the Dungeon)

   It has been specially enchanted to freeze those struck by it, causing extra
   injury to most foes and up to half again as much damage against particularly
   susceptible opponents.
   It can also slow down cold-blooded creatures.
   It affects your strength (+2).
   It protects you from cold.
Armour
 a - a +0 robe (worn)
 h - a +0 cloak (worn)
 v - the cursed +0 helmet of Fosala {rPois rC- MP+9 Str+6}
   (You found it on level 4 of the Dungeon)

   It affects your strength (+6).
   It makes you vulnerable to cold.
   It protects you from poison.
   It affects your magic capacity (+9).
   It has a curse placed upon it.
Jewellery
 o - a ring of protection from magic (left claw)
Wands
 r - a wand of cold (7)
Scrolls
 c - 5 scrolls of remove curse
 g - 4 scrolls of enchant armour {unknown}
 j - a scroll of blinking {unknown}
 p - a scroll of enchant weapon {unknown}
 s - a scroll of immolation {unknown}
 u - 2 scrolls of identify {unknown}
 y - 2 scrolls of random uselessness {unknown}
 z - a scroll of recharging {unknown}
 B - a scroll of fog {unknown}
 C - a scroll of teleportation {unknown}
 E - a scroll of amnesia {unknown}
Potions
 d - 3 potions of cancellation {unknown}
 e - 2 potions of haste {unknown}
 i - a potion of curing
 n - a potion of heal wounds {unknown}
 q - a potion of flight {unknown}
 t - a potion of berserk rage {unknown}
 x - a potion of lignification {unknown}
Books
 m - a book of Cantrips

   Spells                             Type                      Level
   a - Corona                         Hexes                        1
   b - Animate Skeleton               Necromancy                   1
   c - Summon Small Mammal            Summoning                    1
   d - Apportation                    Translocation                1
Comestibles
 b - 4 bread rations
 f - 4 meat rations
 k - 3 slices of pizza
 l - 4 beef jerkies
 A - a fruit
 D - 6 chunks of flesh


   Skills:
 * Level 6.9 Fighting
 + Level 4.7 Throwing
 + Level 5.2 Dodging
 - Level 1.1 Stealth
 + Level 6.8 Unarmed Combat


You had 8 spell levels left.
You didn't know any spells.

Dungeon Overview and Level Annotations

Branches:
Dungeon (7/15)             Temple (0/1) D:5

Altars:
Ashenzari
Gozag
Makhleb
Nemelex Xobeh
Ru
Xom


Innate Abilities, Weirdness & Mutations

You are too large for most types of armour.
You have claws for hands.
Your metabolism is lightning-fast.
You like to eat raw meat.
You heal very quickly.
You are covered in fur (AC +1).
You have very tough skin (AC +2).
You have a pair of small horns on your head.
You are partially covered in yellow scales (AC +2).
You are agile. (Dex +2)
Your magical capacity is low (-10% MP).
Your system is resistant to poisons.
Your muscles are very strong. (Str +4)


Message History

The deep elf mage is severely wounded.
The deep elf priest calls down the wrath of its god upon you.
Something smites you!
The deep elf mage hits you but does no damage.
You scratch the deep elf mage.
The deep elf mage is almost dead.
The deep elf priest shoots an arrow.
The arrow hits you but does no damage.
The deep elf mage points at you and mumbles some strange words.
The lance of force hits you!
You are knocked back by the lance of force.
The deep elf priest hits you with a long sword!
The deep elf fighter casts a spell.
The deep elf fighter blinks!
The deep elf mage gestures at you while chanting.
You are frozen.
* * * LOW HITPOINT WARNING * * *
The deep elf priest shoots an arrow.
The arrow closely misses you. The deep elf mage casts a spell at you.
The lance of force hits you!
You die...

#....#.....# ,
#..).##...##
.. *
##..##'######.
###...###...##
* ∆∆
#.....#.....#
* ∆
#..∩..#.....#
*, ,
#.....#.....#
*
##....#e...#*
* * #####@# *
* #....#e...#
*
#...ee#.....#
,,,
#.....#.....#,
*
*#.....#.....#
*
+##...###..e##
§### * ###.
,.., * .. * .e
, ,


You could see 2 deep elf priests, a deep elf fighter and 2 deep elf magi.

Vanquished Creatures
  Grinder (D:4)
  Sigmund (D:3)
  A deep elf fighter (Bailey)
  An ice beast (D:7)
  2 orc warriors
  2 phantoms (D:5)
  3 sky beasts
  3 ogres
  A scorpion (D:5)
  A crimson imp (D:6)
  3 hounds
  4 orc priests
  2 iguanas
  A worker ant (D:4)
  8 orc wizards
  2 hound zombies
  A worker ant zombie (D:6)
  7 gnolls
  3 adders
  2 oozes (D:3)
  An adder zombie (D:7)
  A worm (D:2)
  21 orcs
  5 giant cockroaches
  10 goblins
  8 hobgoblins
  7 jackals
  6 kobolds
  A quokka (D:6)
  5 bats
  5 giant geckos
  8 giant newts
  A jackal skeleton (D:4)
  10 rats
  A butterfly (D:5)
139 creatures vanquished.

Notes
Turn   | Place    | Note
--------------------------------------------------------------
     0 | D:1      | Ivanskos the Troll Monk began the quest for the Orb.
     0 | D:1      | Reached XP level 1. HP: 22/22 MP: 0/0
   164 | D:1      | Reached XP level 2. HP: 29/29 MP: 1/1
   378 | D:1      | Reached XP level 3. HP: 32/36 MP: 2/2
   730 | D:2      | Found a sparkling altar of Nemelex Xobeh.
  1148 | D:3      | Noticed Sigmund
  1183 | D:3      | Killed Sigmund
  1183 | D:3      | Reached skill level 1 in Throwing
  1183 | D:3      | Reached XP level 4. HP: 13/48 MP: 3/3
  1183 | D:3      | Reached XP level 5. HP: 14/54 MP: 4/4
  1287 | D:3      | Found a faded altar to an unknown god.
  1319 | D:3      | Became a worshipper of Ashenzari the Shackled
  1319 | D:3      | Reached * piety under Ashenzari
  1319 | D:3      | Reached ** piety under Ashenzari
  1662 | D:3      | Found a shimmering altar of Xom.
  1682 | D:3      | Reached XP level 6. HP: 59/62 MP: 5/5
  1922 | D:3      | Reached *** piety under Ashenzari
  2193 | D:4      | HP: 3/63 [gnoll/halberd (4)]
  2198 | D:4      | Reached skill level 5 in Unarmed Combat
  2349 | D:4      | Got the cursed helmet of Fosala {rPois rC- MP+9 Str+6}
  2364 | D:4      | Noticed Grinder
  2398 | D:4      | Killed Grinder
  2398 | D:4      | Reached XP level 7. HP: 28/71 MP: 6/6
  2444 | D:4      | Found a burning altar of Makhleb.
  3027 | D:5      | Entered Level 5 of the Dungeon
  3031 | D:5      | Reached skill level 5 in Fighting
  3094 | D:5      | Gained mutation: Your spells are a little harder to cast, but a little more powerful. [mutagenic meat]
  3142 | D:5      | Gained mutation: Your muscles are strong. (Str +2) [mutagenic meat]
  3177 | D:5      | Gained mutation: Your system is resistant to poisons. [mutagenic meat]
  3179 | D:5      | Reached XP level 8. HP: 81/81 MP: 7/7
  3215 | D:5      | Gained mutation: You are partially covered in yellow scales (AC +2). [mutagenic meat]
  3219 | D:5      | Found a staircase to the Ecumenical Temple.
  3347 | D:5      | Got the flail "Byng" {freeze, rC+ Str+2}
  3590 | D:5      | Reached skill level 6 in Unarmed Combat
  3898 | D:6      | Gained mutation: You are agile. (Dex +2) [mutagenic meat]
  3901 | D:6      | Lost mutation: Your spells are a little harder to cast, but a little more powerful. [mutagenic meat]
  3988 | D:6      | Found an opulent altar of Gozag.
  4187 | D:6      | Found a sacrificial altar of Ru.
  4265 | D:6      | Gained mutation: You have a pair of small horns on your head. [mutagenic meat]
  4266 | D:6      | Gained mutation: Your magical capacity is low (-10% MP). [mutagenic meat]
  4267 | D:6      | Gained mutation: You are very agile. (Dex +4) [mutagenic meat]
  4268 | D:6      | Lost mutation: You are very agile. (Dex +4) [mutagenic meat]
  4269 | D:6      | Gained mutation: Your muscles are very strong. (Str +4) [mutagenic meat]
  4412 | D:6      | Reached skill level 5 in Dodging
  4533 | D:7      | Reached XP level 9. HP: 41/92 MP: 7/7
  4630 | D:7      | Found a flagged portal.
  4647 | Bailey   | Entered a bailey
  4685 | Bailey   | Killed from afar by a deep elf mage

Action                   |  1- 3 |  4- 6 |  7- 9 || total
-------------------------+-------+-------+-------++-------
Melee: Unarmed           |    94 |   151 |   211 ||   456
 Stab: Sleeping          |       |       |     4 ||     4
  Eat: Chunk             |     5 |    12 |    43 ||    60
       Beef jerky        |     1 |       |       ||     1
       Royal jelly       |       |       |     1 ||     1
